 Dungeon Crawl Stone Soup version 0.25-a0-558-g78a2afb0af (webtiles) character file.

Game seed: 11679311281806877273, levelgen mode: classic

12777 EnegeticOcto the Cleaver (level 11, 0/116 HPs)
             Began as a Deep Dwarf Fighter on Feb 24, 2020.
             Was an Elder of Makhleb.
             Slain by a slime creature (7 damage)
             ... on level 12 of the Dungeon.
             The game lasted 00:07:12 (7384 turns).

EnegeticOcto the Cleaver (Deep Dwarf Fighter)       Turns: 7384, Time: 00:07:12

Health: 0/116      AC: 15    Str: 28    XL:     11   Next: 66%
Magic:  3/3        EV:  9    Int: 17    God:    Makhleb [****..]
Gold:   1033       SH: 11    Dex:  5    Spells: 10/10 levels left

rFire    . . .     SeeInvis +   a - +1 war axe
rCold    . . .     Gourm    .   c - +0 kite shield
rNeg     . . .     Faith    .   D - +0 chain mail
rPois    +         Spirit   .   j - +2 helmet {SInv}
rElec    +         Reflect  .   (no cloak)
rCorr    +         Harm     .   u - +0 pair of gloves of Wariness {+Inv rElec Int+8 Dex-3}
MR       +....                  (no boots)
Stlth    ..........             (no amulet)
HPRegen  0.00/turn              y - ring "Ycie" {+Fly rPois Str+5 Dex-4}
MPRegen  0.08/turn              l - ring of resist corrosion

@: non-regenerating
A: damage resistance, heal wounds, sense surroundings 2, robust 1, MP-powered
wands, no regeneration
a: Heal Wounds, Minor Destruction, Lesser Servant of Makhleb, Major Destruction,
Renounce Religion, Evoke Invisibility, Evoke Flight


You were on level 12 of the Dungeon.
You worshipped Makhleb.
Makhleb was greatly pleased with you.
You were hungry.

You visited 2 branches of the dungeon, and saw 13 of its levels.
You also visited: Sewer.

You collected 1101 gold pieces.
You spent 68 gold pieces at shops.

Inventory:

Hand Weapons
 a - a +1 war axe (weapon)
Missiles
 o - a throwing net (quivered)
Armour
 c - a +0 kite shield (worn)
 j - a +2 helmet of see invisible (worn)
 u - the +0 pair of gloves of Wariness (worn) {+Inv rElec Int+8 Dex-3}
   (You acquired it on level 6 of the Dungeon)

   It affects your intelligence (+8).
   It affects your dexterity (-3).
   It insulates you from electricity.
   It lets you turn invisible.
   If you remove this armour, your AC will decrease by 1 (15 -> 14).
 D - a +0 chain mail (worn)
Jewellery
 l - a ring of resist corrosion (right hand)
 y - the ring "Ycie" (left hand) {+Fly rPois Str+5 Dex-4}
   (You found it on level 8 of the Dungeon)

   [ring of poison resistance]

   It affects your strength (+5).
   It affects your dexterity (-4).
   It protects you from poison.
   It lets you fly.
 J - the ring "Cucriaf" {Fire rN++ Int-5 Dex+4}
   (You found it on level 11 of the Dungeon)

   [ring of fire]

   It enhances your fire magic.
   It affects your intelligence (-5).
   It affects your dexterity (+4).
   It protects you from fire.
   It makes you vulnerable to cold.
   It greatly protects you from negative energy.
Wands
 v - a wand of paralysis (9)
 B - a wand of flame (26)
 I - a wand of polymorph (9)
 K - a wand of iceblast (8)
Scrolls
 b - 3 scrolls of blinking {@r3}
 d - 4 scrolls of teleportation {@r2}
 n - a scroll of magic mapping {@r5}
 z - 4 scrolls of remove curse {@r6}
 C - 2 scrolls of fear
 E - 2 scrolls of identify {@r1}
 G - a scroll of silence
 H - a scroll of enchant weapon
Potions
 f - 2 potions of haste {unknown}
 g - 3 potions of brilliance {unknown}
 h - 2 potions of berserk rage
 i - 9 potions of curing {unknown}
 k - 4 potions of might {@q3}
 m - 2 potions of resistance {@q6}
 p - 4 potions of stabbing {unknown}
 q - a potion of ambrosia
 r - a potion of cancellation
 s - a potion of lignification {@q7}
 w - 6 potions of heal wounds {@q2}
Comestibles
 e - 7 rations


   Skills:
 * Level 9.0 Fighting
 * Level 10.4 Axes
 + Level 7.8 Armour
 + Level 7.1 Dodging
 + Level 7.8 Shields
 * Level 9.9 Invocations


You had 10 spell levels left.
You didn't know any spells.
Your spell library was empty.

Dungeon Overview and Level Annotations

Branches:
Dungeon (12/15)            Temple (1/1) D:6            Lair (0/6) D:11
  Sewer (visited)
    Orc: D:9-12

Altars:
Ashenzari
Cheibriados
Elyvilon
Fedhas
Gozag
Hepliaklqana
Kikubaaqudgha
Makhleb
Okawaru
Qazlal
Ru
Sif Muna
Trog
Uskayaw
Vehumet
Xom
Yredelemnul
The Shining One

Shops:
D:7 *

Annotations:
D:9 2 exclusions


Innate Abilities, Weirdness & Mutations

You are resistant to damage.
You can heal yourself by infusing magical energy.
You passively map the area around you.
You do not regenerate.
You are robust. (+10% HP)
You expend magic power (3 MP) to strengthen your wands.


Message History

A very large slime creature splits.
The white ugly thing bites you. The white ugly thing freezes you!!
* * * LOW HITPOINT WARNING * * *
A hound comes into view.
You block the hound's attack.
You feel much better.
You block the large slime creature's attack.
The hound bites you but does no damage.
The white ugly thing closely misses you.
The slime creature hits you but does no damage.
You closely miss the white ugly thing.
The white ugly thing is almost dead.
You hit the slime creature.
Your shield and chain mail prevent you from hitting the hound.
You hit the large slime creature. You block the hound's attack.
The large slime creature hits you! The white ugly thing barely misses you.
The hound bites you but does no damage. You block the slime creature's attack.
You are too injured to fight recklessly!
You are too injured to fight recklessly!
You are too injured to fight recklessly!
You are too injured to fight recklessly!
You are too injured to fight recklessly!
You are too injured to fight recklessly!
You are too injured to fight recklessly!
You are too injured to fight recklessly!
You are too injured to fight recklessly!
You are too injured to fight recklessly!
You are too injured to fight recklessly!
Your magical essence is drained by the effort!
You feel much better.
You block the large slime creature's attack.
The hound barely misses you.
The white ugly thing closely misses you.
The slime creature hits you!
You feel much better. The hound bites you but does no damage.
A large slime creature splits.
You block the white ugly thing's attack.
The hound misses you. The slime creature hits you!
You hit the white ugly thing but do no damage.
The white ugly thing is severely wounded.
You hit the slime creature. You barely miss the slime creature.
You closely miss the hound. You slash the slime creature!
The slime creature hits you but does no damage.
The hound misses you.
The white ugly thing bites you but does no damage.
You hit the white ugly thing but do no damage.
The white ugly thing is severely wounded.
You hit the slime creature but do no damage. x2
You hit the hound. You barely miss the slime creature.
You block the hound's attack.
The slime creature hits you but does no damage. x3
A hippogriff comes into view.
The white ugly thing completely misses you.
You block the hound's attack.
The slime creature hits you but does no damage.
The slime creature hits you!
You barely miss the white ugly thing.
The white ugly thing is severely wounded.
You hit the slime creature.
Your shield and chain mail prevent you from hitting the slime creature.
You hit the hound but do no damage. You hit the slime creature.
The slime creature barely misses you. You block the hound's attack.
The white ugly thing bites you but does no damage.
The slime creature hits you but does no damage.
You block the slime creature's attack.
You hit the white ugly thing.
The white ugly thing is almost dead.
You slash the slime creature! You hit the hound.
You slash the slime creature! x2
The hound bites you. The slime creature hits you!
The white ugly thing bites you but does no damage.
You block the hound's attack.
The slime creature completely misses you. x2
You block the slime creature's attack.
You are too injured to fight recklessly!
You are too injured to fight recklessly!
You are too injured to fight recklessly!
You are too injured to fight recklessly!
You are too injured to fight recklessly!
You are too injured to fight recklessly!
You are too injured to fight recklessly!
You are too injured to fight recklessly!
You are too injured to fight recklessly!
You are too injured to fight recklessly!
You are too injured to fight recklessly!
You are too injured to fight recklessly!
Your magical essence is drained by the effort!
You feel much better. The hound bites you but does no damage.
The white ugly thing bites you but does no damage.
You block the slime creature's attack. x2; The slime creature hits you!
You closely miss the white ugly thing.
The white ugly thing is almost dead.
You slash the slime creature! You slash the hound! You hit the slime creature.
You barely miss the slime creature. The hound bites you but does no damage.
The white ugly thing bites you! The white ugly thing freezes you!!
* * * LOW HITPOINT WARNING * * *
You block the hound's attack. The slime creature closely misses you.
The slime creature hits you!
* * * LOW HITPOINT WARNING * * *
The slime creature hits you!
You die...

*,#.#.# ** ,
#.#.# ,, .
<#.#.# * ,
.. #.#.####
...*
#.#...<# ,
....
#....### ,
....>####.#
*
......hJ#.#
*
.....hJ@..#
*
,.....)uJ###
, ......#.#
*, ....H.#.#
,, ,.....
#.# ,
,.....,#.# *
, .!.., +.#
, .P..,,###
≈ ≈ ≈,


You could see a white ugly thing, 3 slime creatures, a hippogriff and 2 hounds.

Vanquished Creatures
  A centaur warrior (D:8)
  A two-headed ogre (D:11)
  An ugly thing (D:11)
  Joseph (D:7)
  3 centaur zombies
  3 centaur skeletons
  3 trolls
  A hornet (D:9)
  2 hippogriffs
  Grinder (D:6)
  2 dream sheep (D:9)
  A wyvern (D:10)
  11 yaks
  Grum (D:8)
  2 hungry ghosts
  Menkaure (D:6)
  Edmund (D:4)
  A water moccasin (D:8)
  6 orc warriors
  An ice beast (D:11)
  An ogre (D:11)
  2 phantoms (D:8)
  2 sky beasts
  4 wolves (D:8)
  2 necrophages (D:9)
  2 centaurs
  3 crocodiles
  7 big kobolds
  3 bullfrogs
  A wyvern skeleton (D:11)
  4 scorpions
  3 killer bees (D:8)
  7 howler monkeys
  3 electric eels (D:9)
  4 crimson imps
  3 jellies
  5 orc priests
  12 hounds
  6 iguanas
  11 orc wizards
  15 worker ants
  A hound skeleton (D:5)
  A howler monkey zombie (D:10)
  2 worker ant zombies
  7 gnolls
  11 adders
  2 river rats (Sewer)
  A shadow imp (D:6)
  4 oozes
  A worm (D:6)
  2 dart slugs (D:1)
  3 leopard geckos
  37 orcs
  4 ball pythons
  5 bats
  5 giant cockroaches
  4 goblins
  A hobgoblin (D:1)
  11 jackals
  23 kobolds
  4 quokkas
  4 frilled lizards
  A leopard gecko skeleton (D:5)
  25 rats
303 creatures vanquished.

Vanquished Creatures (others)
  4 toadstools (D:11)
4 creatures vanquished.

Grand Total: 307 creatures vanquished

Notes
Turn   | Place    | Note
-------+----------+-------------------------------------------
     0 | D:1      | EnegeticOcto the Deep Dwarf Fighter began the quest for the
                  | Orb.
     0 | D:1      | Reached XP level 1. HP: 20/20 MP: 1/1
    41 | D:1      | Reached XP level 2. HP: 16/27 MP: 2/2
   229 | D:1      | Reached XP level 3. HP: 20/34 MP: 3/3
   239 | D:1      | Reached skill level 3 in Axes
   375 | D:1      | Reached skill level 1 in Dodging
   677 | D:3      | Reached XP level 4. HP: 23/42 MP: 4/4
   876 | D:4      | Noticed Edmund
   894 | D:4      | HP: 2/42 [Edmund/+3 dire flail of protection (11)]
   927 | D:4      | Killed Edmund
   927 | D:4      | Reached XP level 5. HP: 46/50 MP: 3/3
  1077 | D:4      | Reached skill level 4 in Axes
  1252 | D:4      | Reached XP level 6. HP: 36/57 MP: 4/4
  1441 | D:5      | Entered Level 5 of the Dungeon
  1876 | D:5      | Reached XP level 7. HP: 29/66 MP: 4/4
  2219 | D:6      | Reached skill level 5 in Axes
  2259 | D:6      | Noticed Grinder
  2282 | D:6      | Killed Grinder
  2329 | D:6      | Found a radiant altar of Vehumet.
  2335 | D:6      | Found a glowing drain.
  2359 | D:6      | Reached skill level 5 in Fighting
  2362 | Sewer    | Entered a sewer
  2507 | Sewer    | Reached XP level 8. HP: 64/74 MP: 4/4
  2635 | Sewer    | Reached skill level 5 in Shields
  2859 | D:6      | Noticed Menkaure
  2874 | D:6      | Killed Menkaure
  2874 | D:6      | Reached skill level 6 in Axes
  2874 | D:6      | Reached skill level 5 in Armour
  2880 | D:6      | Found a staircase to the Ecumenical Temple.
  2884 | Temple   | Entered the Ecumenical Temple
  2960 | Temple   | Became a worshipper of Makhleb the Destroyer
  3139 | D:6      | Reached skill level 1 in Invocations
  3335 | D:6      | Identified a scroll of acquirement
  3335 | D:6      | Identified the +0 pair of gloves of Wariness {+Inv rElec
                  | Int+8 Dex-3} (You acquired it on level 6 of the Dungeon)
  3461 | D:7      | Found Nougan's Assorted Antiques.
  3476 | D:7      | Bought a scroll labeled HEUDAN NUALO for 36 gold pieces
  3476 | D:7      | Bought a brown potion for 32 gold pieces
  3559 | D:7      | Found a white marble altar of Elyvilon.
  3620 | D:7      | Noticed Joseph
  3689 | D:7      | Killed Joseph
  4160 | D:8      | Got a crude steel ring
  4161 | D:8      | Identified the ring "Ycie" {+Fly rPois Str+5 Dex-4} (You
                  | found it on level 8 of the Dungeon)
  4168 | D:8      | Noticed a centaur warrior
  4182 | D:8      | Reached skill level 7 in Axes
  4182 | D:8      | Gained mutation: You passively map the area around you.
                  | [Deep Dwarf growth]
  4182 | D:8      | Reached XP level 9. HP: 60/82 MP: 4/4
  4196 | D:8      | Killed a centaur warrior
  4249 | D:8      | Reached skill level 5 in Invocations
  4262 | D:8      | Reached skill level 5 in Dodging
  4450 | D:8      | Reached * piety under Makhleb
  4678 | D:8      | Noticed Grum
  4695 | D:8      | Reached skill level 8 in Axes
  4701 | D:8      | Killed Grum
  5047 | D:9      | Reached XP level 10. HP: 54/94 MP: 5/5
  5156 | D:9      | Reached ** piety under Makhleb
  5294 | D:9      | HP: 4/94 [orc priest/divine providence (11)]
  5362 | D:9      | Reached skill level 9 in Axes
  5714 | D:10     | Entered Level 10 of the Dungeon
  5973 | D:10     | Reached *** piety under Makhleb
  5973 | D:10     | Reached XP level 11. HP: 55/103 MP: 4/4
  6584 | D:11     | Reached skill level 10 in Axes
  6757 | D:11     | Got a crude lead ring
  6799 | D:11     | Noticed a green ugly thing
  6816 | D:11     | Killed a green ugly thing
  6816 | D:11     | Reached **** piety under Makhleb
  6885 | D:11     | Noticed a two-headed ogre
  6898 | D:11     | Killed a two-headed ogre
  7175 | D:11     | Found a staircase to the Lair.
  7306 | D:11     | Identified the ring "Cucriaf" {Fire rN++ Int-5 Dex+4} (You
                  | found it on level 11 of the Dungeon)
  7310 | D:11     | Gained mutation: You expend magic power (3 MP) to
                  | strengthen your wands. [potion of mutation]
  7310 | D:11     | Gained mutation: You are robust. (+10% HP) [potion of
                  | mutation]
  7362 | D:12     | Noticed a white ugly thing
  7384 | D:12     | Slain by a slime creature

Levels and vault maps discovered:
D:1:      wander_arrival_estate, layout_basic, chequers_serial_rivers_micro_a,
          hangedman_decor_peaks_small
D:2:      layout_basic, amethyst_killhole
D:3:      layout_basic, minmay_fractal_squares_5
D:4:      layout_loops_ring, serial_rivers, chequers_serial_rivers_marsh,
          chequers_serial_rivers_room_a, chequers_serial_rivers_small_3,
          chequers_serial_rivers_large_a, chequers_serial_rivers_micro_c,
          due_unseen_surprise, uniq_edmund
D:5:      layout_basic, first_ration
D:6:      layout_loops_ring, lemuel_round_altar,
          minmay_temple_entry_glassed_door, cheibrodos_sewer_entry_sluice,
          uniq_menkaure, uniq_grinder
D:7:      layout_loops_cross, elyvilon_altar_1, serial_shops,
          nicolae_shop_overgrown_old_shop, uniq_joseph
D:8:      layout_rooms, uniq_grum
D:9:      layout_long_grid, erik_orc_2, hangedman_ranch [blue_anna_fruit_fields]
D:10:     minmay_polygon_palace, layout_basic
D:11:     layout_irregular_city, lair_entry_dummy, minmay_gold_behind_fungi
D:12:     layout_basic, trove_entry_hex_spiral, serial_bayou_pond_c
Temple:   regret_index_temple_chain_breaker

Skill      XL: |  1  2  3  4  5  6  7  8  9 10 11 |
---------------+----------------------------------+-----
Fighting       | 3 4 5 6 7 8 9 |  9.0
Axes           | 3 4 5 7 8 9 10 | 10.4
Dodging        | 1 2 3 4 5 6 7 |  7.1
Shields        | 4 5 6 7 |  7.8
Armour         | 4 5 6 7 |  7.8
Invocations    | 3 6 8 9 |  9.9

Action                   |  1- 3 |  4- 6 |  7- 9 | 10-12 || total
-------------------------+-------+-------+-------+-------++-------
Melee: War axe           |    56 |       |   177 |   599 ||   832
       Hand axe          |    33 |   134 |   370 |       ||   537
 Abil: Heal Wounds       |       |     8 |    21 |    22 ||    51
  Use: Scroll            |       |       |    16 |     6 ||    22
       Potion            |       |       |       |     1 ||     1
  Eat: Chunk             |       |     4 |    11 |    22 ||    37
       Ration            |       |       |       |     4 ||     4
Armor: Scale mail        |    43 |    35 |   166 |       ||   244
       Chain mail        |       |       |    13 |   327 ||   340
Dodge: Dodged            |    29 |    28 |   172 |   215 ||   444
Block: Kite shield       |    51 |    53 |   273 |   389 ||   766

Table legend:
 A = Non-vault XP
 B = Vault XP
 C = Vault XP percentage of total XP
 D = Non-vault monster count
 E = Vault monster count
 F = Vault count percentage of total count
                 A         B        C        D         E       F
            +---------+---------+-------+---------+---------+-------
      Total |   12539 |    5715 |  31.3 |     204 |      99 |  32.7
            +---------+---------+-------+---------+---------+-------
        D:1 |      65 |       0 |   0.0 |      21 |       0 |   0.0
        D:2 |      30 |       0 |   0.0 |      11 |       0 |   0.0
        D:3 |       4 |       0 |   0.0 |       3 |       0 |   0.0
        D:4 |     154 |     145 |  48.5 |       7 |       1 |  12.5
        D:5 |     381 |       0 |   0.0 |      17 |       0 |   0.0
        D:6 |     380 |     440 |  53.7 |      10 |       5 |  33.3
        D:7 |     188 |     486 |  72.1 |       5 |       1 |  16.7
        D:8 |    1919 |     661 |  25.6 |      37 |       5 |  11.9
        D:9 |    3362 |    1694 |  33.5 |      33 |      25 |  43.1
       D:10 |    1162 |    1985 |  63.1 |      27 |      14 |  34.1
       D:11 |    4849 |       0 |   0.0 |      31 |       0 |   0.0
       D:12 |      45 |       0 |   0.0 |       2 |       0 |   0.0
      Sewer |       0 |     304 | 100.0 |       0 |      48 | 100.0
            +---------+---------+-------+---------+---------+-------
